 Dungeon Crawl Stone Soup version 0.23.2-33-g5129a83184 (webtiles) character file.

Game seed: 12085353000879154058

462 psyvane the Poker (level 7, -2/48 HPs)
             Began as a Merfolk Transmuter on July 2, 2019.
             Was an Initiate of Sif Muna.
             Slain by an orc priest
             ... wielding a +0 club
              (4 damage)
             ... on level 5 of the Dungeon.
             The game lasted 00:20:50 (5463 turns).

psyvane the Poker (Merfolk Transmuter)              Turns: 5463, Time: 00:20:52

Health: -2/48      AC:  2    Str: 13    XL:     7   Next: 7%
Magic:  5/10       EV: 21    Int: 12    God:    Sif Muna [......]
Gold:   152        SH:  0    Dex: 19    Spells: 2/10 levels left

rFire    . . .     SeeInvis .     - Unarmed
rCold    . . .     Gourm    .   (shield currently unavailable)
rNeg     . . .     Faith    .   (armour currently unavailable)
rPois    x         Spirit   .   (helmet currently unavailable)
rElec    .         Reflect  .   (cloak currently unavailable)
rCorr    .         Harm     .   (gloves currently unavailable)
MR       .....                  (boots currently unavailable)
Stlth    ++........             (no amulet)
HPRegen  0.16/turn              (no ring)
MPRegen  0.12/turn              (no ring)

@: spider-form
A: tiny, (change form in water), (swift swim), (stealthy swim)
a: End Transformation, Renounce Religion


You were on level 5 of the Dungeon.
You worshipped Sif Muna.
Sif Muna was noncommittal.
You were hungry.
You were a venomous arachnid creature.
You visited 1 branch of the dungeon, and saw 5 of its levels.

You collected 152 gold pieces.

Inventory:

Hand Weapons
 l - a +1 halberd of chopping (melded)
Missiles
 a - 44 arrows
Armour
 b - a +0 robe (melded)
 f - a +0 robe
 q - a +0 cloak (melded)
Wands
 e - a wand of flame (13)
Scrolls
 i - 5 scrolls of identify
 n - a scroll of enchant armour {unknown}
 p - 2 scrolls of remove curse {unknown}
Potions
 c - 2 potions of invisibility {unknown}
 g - a potion of berserk rage {unknown}
 h - a potion of flight
 j - a potion of lignification {unknown}
 k - a potion of cancellation {unknown}
 m - a potion of curing {unknown}
 o - a potion of mutation {unknown}
Comestibles
 d - 10 rations


   Skills:
 - Level 1.1 Fighting
 * Level 7.6 Polearms
 - Level 2.6 Dodging
 - Level 3.2 Unarmed Combat
 - Level 2.0 Spellcasting
 - Level 5.6 Transmutations
 - Level 2.4 Poison Magic


You had 2 spell levels left.
You knew the following spells:

 Your Spells              Type           Power        Failure   Level  Hunger
a - Beastly Appendage     Tmut           ##....       10%         1    ##.....
b - Spider Form           Tmut/Pois      ##........   34%         3    ####...
c - Ice Form              Ice/Tmut       #.......     83%         4    #####..

Your spell library contained the following spells:

 Spells                   Type           Power        Failure   Level  Hunger
 Sticks to Snakes         Tmut           ##......     13%         2    ###....
 Blade Hands              Tmut           ##........   78%         5    ######.


Dungeon Overview and Level Annotations

Branches:
Dungeon (5/15)
 Temple: D:4-7

Altars:
Sif Muna
Trog


Message History

You see here a +0 flail.
Your transformation is almost over.
Items here: %%% ))) [[ ÷÷÷ † The orc priest begins to cast a cantrip, but forgets the words!
Casting: Beastly Appendage (safe; 2% risk of failure)
Confirm with . or Enter, or press ? or * to list all spells.
Your horns disappear.
You turn into a venomous arachnid creature.
Your +1 halberd of chopping melds into your body.
Your +0 cloak melds into your body.
Your +0 robe melds into your body.
You start resting.
The orc priest is too close now for your liking.
You barely miss the orc priest. The orc priest closely misses you.
You barely miss the orc priest.
The orc priest mumbles some strange prayers to Beogh against you.
Beogh smites you!
* * * LOW HITPOINT WARNING * * *
There is a stone staircase leading up here.
You barely miss the orc priest. The orc priest hits you with a +0 club.
You die...

########## ##........##
##..........##
#............##
..............##
.......so......####
..............#.[.####
..............###.o..###
#............## ###....#
##..........## ####..
##........## .
##########


You could see an orc priest.

Vanquished Creatures
  A centaur (D:5)
  A hound (D:4)
  Jessica (D:2)
  2 worker ants (D:4)
  12 gnolls
  6 adders
  4 worms
  A dart slug (D:4)
  3 leopard geckos
  9 orcs
  4 giant cockroaches
  10 goblins
  6 hobgoblins
  7 jackals
  10 kobolds
  A quokka (D:4)
  2 ball pythons
  6 bats
  7 frilled lizards
  2 leopard gecko skeletons (D:4)
  8 rats
103 creatures vanquished.

Notes
Turn   | Place    | Note
-------+----------+-------------------------------------------
     0 | D:1      | psyvane the Merfolk Transmuter began the quest for the Orb.
     0 | D:1      | Reached XP level 1. HP: 15/15 MP: 3/3
   355 | D:1      | Reached XP level 2. HP: 19/21 MP: 3/5
  1062 | D:2      | Reached XP level 3. HP: 17/26 MP: 4/6
  1073 | D:2      | Learned a level 3 spell: Spider Form
  1076 | D:2      | Reached skill level 5 in Transmutations
  1087 | D:2      | Reached XP level 4. HP: 24/32 MP: 4/7
  1181 | D:2      | Reached skill level 1 in Polearms
  1183 | D:2      | Reached skill level 1 in Poison Magic
  1467 | D:2      | Reached skill level 2 in Polearms
  1711 | D:2      | Reached XP level 5. HP: 29/37 MP: 6/8
  2094 | D:2      | Found a deep blue altar of Sif Muna.
  2116 | D:2      | Became a worshipper of Sif Muna the Loreminder
  2156 | D:2      | Found a faded altar of an unknown god.
  2209 | D:2      | Reached skill level 3 in Polearms
  2215 | D:2      | Learned a level 4 spell: Ice Form
  2263 | D:2      | Noticed Jessica
  2269 | D:2      | Killed Jessica
  2661 | D:3      | Reached skill level 4 in Polearms
  3236 | D:3      | Reached skill level 5 in Polearms
  3383 | D:3      | Found a bloodstained altar of Trog.
  3421 | D:3      | Reached XP level 6. HP: 43/43 MP: 6/9
  4278 | D:4      | Reached skill level 6 in Polearms
  5377 | D:5      | Entered Level 5 of the Dungeon
  5395 | D:5      | Reached skill level 7 in Polearms
  5395 | D:5      | Reached XP level 7. HP: 12/48 MP: 4/10
  5456 | D:5      | HP: 1/48 [orc priest/divine providence (11)]
  5463 | D:5      | Slain by an orc priest

Skill      XL: |  1  2  3  4  5  6 |
---------------+-------------------+-----
Transmutations | 3 4 5 |  5.6
Polearms       | 2 5 7 |  7.6
Poison Magic   | 1 2 |  2.4
Fighting       | |  1.1
Dodging        | |  2.6
Unarmed Combat | |  3.2
Spellcasting   | |  2.0

Action                   |  1- 3 |  4- 6 |  7- 9 || total
-------------------------+-------+-------+-------++-------
Melee: Unarmed           |    76 |    48 |    14 ||   138
       Headbutt          |     5 |    22 |       ||    27
       Halberd           |       |   167 |     1 ||   168
 Cast: Beastly Appendage |    14 |    29 |     1 ||    44
       Spider Form       |     1 |     6 |     2 ||     9
  Use: Scroll            |       |     5 |       ||     5
 Stab: Sleeping          |       |     3 |       ||     3
  Eat: Chunk             |     1 |    12 |       ||    13
       Ration            |       |     1 |       ||     1
Armor: Robe              |    10 |    30 |       ||    40
       Skin              |       |     1 |     1 ||     2
Dodge: Dodged            |    69 |   199 |     7 ||   275
